 Dungeon Crawl Stone Soup version 0.21.1-1-g345015f (webtiles) character file.

26 grindst0ne the Digger (level 3, -9/23 HPs)
             Began as an Octopode Earth Elementalist on Feb 22, 2018.
             Killed by divine providence
             ... invoked by an orc priest
              (16 damage)
             ... on level 2 of the Dungeon.
             The game lasted 00:01:56 (731 turns).

grindst0ne the Digger (Octopode Earth Elementalist)  Turns: 731, Time: 00:01:56

Health: -9/23      AC:  1    Str:  8    XL:     3   Next: 8%
Magic:  6/6        EV: 11    Int: 17    God:
Gold:   64         SH:  8    Dex: 12    Spells: 5/6 levels left

rFire    . . .     SeeInvis .   i - +0 dagger (flame)
rCold    . . .     Gourm    .   e - +1 shield (curse)
rNeg     . . .     Faith    .   (helmet restricted)
rPois    .         Spirit   .   (no amulet)
rElec    .         Reflect  .   (no ring)
rCorr    .         Harm     .   (no ring)
MR       .....                  (no ring)
Stlth    +++.......             (no ring)
HPRegen  0.07/turn              (no ring)
MPRegen  0.10/turn              (no ring)
                                (no ring)
                                (no ring)

@: no status effects
A: almost no armour, stealthy swim, amphibious, 8 rings, constrict 8, camouflage
1, gelatinous body 1
a: no special abilities


You were on level 2 of the Dungeon.
You were not hungry.

You visited 1 branch of the dungeon, and saw 2 of its levels.

You collected 64 gold pieces.

Inventory:

Hand Weapons
 i - a +0 dagger of flaming (weapon)
Missiles
 b - 34 stones (quivered)
Armour
 e - a cursed +1 shield (worn)
Scrolls
 g - a scroll of enchant armour
Potions
 h - a potion of heal wounds
Books
 d - a book of Geomancy

   Spells                             Type                      Level
   a - Sandblast                      Earth                        1
   b - Passwall                       Transmutation/Earth          2
   c - Stone Arrow                    Conjuration/Earth            3
   d - Petrify                        Transmutation/Earth          4
   e - Lee's Rapid Deconstruction     Earth                        5
Comestibles
 c - 2 rations
 f - 4 chunks of flesh


   Skills:
 + Level 1.4 Fighting
 - Level 2.0 Dodging
 - Level 2.6 Stealth
 * Level 2.0 Shields
 - Level 2.0 Spellcasting
   Level 1.0 Transmutations
 - Level 3.0 Earth Magic


You had 5 spell levels left.
You knew the following spells:

 Your Spells              Type           Power        Failure   Level  Hunger
a - Sandblast             Erth           ##....       30%         1    #......


Dungeon Overview and Level Annotations

Branches:
Dungeon (2/15)

Altars:

Portals:
Abyss: D:1***

Annotations:
D:1 exclusion: downstairs


Innate Abilities, Weirdness & Mutations

You cannot wear most types of armour.
You are very stealthy in the water. (Stealth+)
You are amphibious.
You can wear up to eight rings at the same time.
You can use your tentacles to constrict eight enemies at once.
Your skin changes colour to match your surroundings (Stealth+).
Your rubbery body absorbs attacks. (AC +1, EV +1)


Message History

The bat is severely wounded.
You constrict the bat.
You kill the bat!
The orc priest miscasts a cantrip.
Some of the chunks of flesh in your inventory have rotted away.
You closely miss the orc. You grab the orc. You squeeze the orc.
The orc is severely wounded.
You constrict the orc. The orc hits you but does no damage.
The orc barely misses you.
You hit the orc. You burn the orc.
You kill the orc!
Your Shields skill increases to level 2!
The orc priest begins to cast a cantrip, but forgets the words!
The orc hits you but does no damage.
You hit the orc. You burn the orc. Your grab misses the orc.
The orc is severely wounded.
The orc priest calls down the wrath of Beogh upon you.
Beogh smites you!
Ouch! That really hurt!
You die...

# ### #. #@# ##.
##o########### ##..
#######oo#.........# #...
.......o.#...<.....###...
.#...#..................
.........$.........###...
...$.....[..###....# #...
............# ..........
............# .#####..o.


You could see an orc priest and 3 orcs.

Vanquished Creatures
  A leopard gecko (D:2)
  2 orcs
  A ball python (D:2)
  A giant cockroach (D:2)
  4 goblins (D:1)
  4 hobgoblins (D:1)
  2 kobolds (D:1)
  2 bats
  3 frilled lizards (D:1)
  A rat (D:1)
21 creatures vanquished.

Notes
Turn   | Place    | Note
-------+----------+-------------------------------------------
     0 | D:1      | grindst0ne the Octopode Earth Elementalist began the quest for the Orb.
     0 | D:1      | Reached XP level 1. HP: 11/11 MP: 3/3
   156 | D:1      | Reached skill level 1 in Shields
   156 | D:1      | Reached XP level 2. HP: 18/18 MP: 5/5
   194 | D:1      | Reached skill level 1 in Fighting
   714 | D:2      | Reached XP level 3. HP: 20/23 MP: 6/6
   731 | D:2      | Killed from afar by an orc priest

Skill      XL: |  1  2  3 |
---------------+----------+-----
Shields        | 1 2 |  2.0
Fighting       | 1 |  1.4
Dodging        | |  2.0
Stealth        | |  2.6
Spellcasting   | |  2.0
Transmutations | |  1.0
Earth Magic    | |  3.0

Action                   || total
-------------------------++-------
Melee: Whip              ||     4
       Tentacles         ||     8
       Constrict         ||     9
       Dagger            ||    34
 Cast: Sandblast         ||     3
  Use: Scroll            ||     2
 Stab: Sleeping          ||     7
Armor: Skin              ||     1
Dodge: Dodged            ||    14
Block: Shield            ||     7
